 Dungeon Crawl Stone Soup version 0.31-a0-1620-gcbf77bbcfc (webtiles) character file.

Game seed: 760389872465299310

4354 bmb222 the Fighter (level 10, -14/90 HPs)
             Began as a Minotaur Shapeshifter on Jan 11, 2024.
             Was an Initiate of Gozag.
             Demolished by a gargoyle
             ... wielding a +0 mace
              (18 damage)
             ... on level 7 of the Dungeon.
             The game lasted 00:07:58 (8568 turns).

bmb222 the Fighter (Minotaur Shapeshifter)          Turns: 8568, Time: 00:07:59

Health: -14/90     AC: 11    Str: 16 (18) XL:     10   Next: 12%
Magic:  9/9        EV:  9    Int:  5      God:    Gozag
Gold:   1064       SH:  0    Dex: 14 (15) Spells: 9/9 levels left

rFire   + .          .
                       - Unarmed
rCold   . . .        (no shield)
rNeg    . . .        n - +1 chain mail
rPois   .            (helmet currently unavailable)
rElec   .            (cloak currently unavailable)
rCorr   .            (gloves currently unavailable)
SInv    .            (boots currently unavailable)
Will    .....        (no amulet) Stlth
                     (no ring)
HPRegen 0.35/turn    (no ring)
MPRegen 0.11/turn

%: no passive effects
@: mighty, beast-form, gold aura
A: beast (slay +3), horns 2, retaliatory headbutt, dopey 1, fire resistance 1,
mutation resistance 1
a: Begin Untransformation, Renounce Religion, Potion Petition, Call Merchant,
Bribe Branch


You were on level 7 of the Dungeon.
You worshipped Gozag.
Gozag was most pleased with you.
You were a hulking beast.
You visited 1 branch of the dungeon, and saw 7 of its levels.
You also visited: Bailey.

You collected 1098 gold pieces.
You paid 34 gold pieces to Gozag.

Inventory:

Missiles
 q - 8 atropa-tipped darts (quivered)
 u - 11 boomerangs
 w - 26 poisoned darts
Armour
 a - a +0 animal skin
 n - a +1 chain mail (worn)
Jewellery
 r - a ring of wizardry
Talismans
 c - a beast talisman
 d - a flux talisman
Wands
 s - a wand of flame (37)
 v - a wand of digging (8)
Scrolls
 f - 4 scrolls of fog
 g - a scroll of immolation
 m - 2 scrolls of fear
 p - 5 scrolls of teleportation
 x - 2 scrolls of amnesia
 y - a scroll of vulnerability
Potions
 l - a potion of degeneration
 t - a potion of might
Miscellaneous
 e - a condenser vane
 h - a phial of floods
 j - a sack of spiders


   Skills:
 + Level 8.9 Fighting
 + Level 7.3 Armour
 - Level 4.7 Dodging
 + Level 8.8 Unarmed Combat
 + Level 6.1 Shapeshifting


You had 9 spell levels left.
You didn't know any spells.
Your spell library contained the following spells:

 Spells                   Type           Power      Damage    Failure   Level
 Magic Dart               Conj           0%         1d3       99%         1
 Searing Ray              Conj           0%         2d4       100%        2
 Fulminant Prism          Conj/Alch      0%         3d5       100%        4
 Vhi's Electric Charge    Tloc/Air       0%         N/A       100%        4
 Arcjolt                  Conj/Air       0%         1d10      100%        5
 Plasma Beam              Fire/Air       0%         2x1d10    100%        6


Dungeon Overview and Level Annotations

Branches:
Dungeon (7/15)             Temple (0/1) D:7          Bailey (visited)

Altars:
Cheibriados
Gozag
Makhleb
Nemelex Xobeh
Qazlal
Vehumet
Zin
The Shining One

Annotations:
D:4 2 transporters, Dordric's ghost, amateur DrSh
D:7 1 runed translucent door, MusterMark's ghost, novice SpAl


Innate Abilities, Weirdness & Mutations

You are a hulking beast.
Your limbs bulge with bestial killing power. (Slay +3)
You have a pair of horns on your head.
You reflexively headbutt those who attack you in melee.
You are dopey. (Int -2)
Your flesh is heat resistant. (rF+)
You are somewhat resistant to further mutation.


Message History

The gargoyle is heavily damaged.
The bullfrog hits you but does no damage.
The gargoyle hurls a stone arrow at you.
The stone arrow hits you!!
The bullfrog hits you but does no damage.
You hit the gargoyle but do no damage.
You headbutt the gargoyle, but do no damage.
The gargoyle is heavily damaged.
The bullfrog closely misses you.
There are monsters nearby!
You hit the gargoyle but do no damage.
The gargoyle is heavily damaged.
The gargoyle hurls a stone arrow at you.
The stone arrow hits you.
The bullfrog hits you but does no damage.
You hit the gargoyle but do no damage.
The gargoyle is heavily damaged.
The bullfrog hits you! The gargoyle hits you with a +0 mace!
You hit the gargoyle but do no damage.
You headbutt the gargoyle, but do no damage.
The gargoyle is heavily damaged.
The bullfrog barely misses you.
The gargoyle hurls a stone arrow at you.
The stone arrow hits you!! The bullfrog barely misses you.
You furiously retaliate!
You headbutt the bullfrog!
You feel very mighty all of a sudden.
The bullfrog hits you but does no damage.
The gargoyle hits you with a +0 mace!
* * * LOW HITPOINT WARNING * * *
The bullfrog closely misses you. You furiously retaliate!
You headbutt the bullfrog!
You kill the bullfrog!
The gargoyle hits you with a +0 mace!!
* * * LOW HITPOINT WARNING * * *
You see here 6 gold pieces.
Okay, then.
Okay, then.
The gargoyle attacks as it pursues you! The gargoyle hits you with a +0 mace!!
You die...
Your body crumbles into a pile of gold.

##############
#............# ####.#
#.##########.# ...>.. #.#
##....## ....# ###.#
##..#...######.# .#...
.(..# .........h.......
.... #####
########9######## #.#. #
♣..(♣ #..# ########
.[♣♣♣.. #.## .......# ♣..
..♣ #.## ######## ♣. .♣
##.#.##.#. ...# .♣ .. ♣.
#......... .### ###
#.##############..# [#
#♣≈≈≈~~♣.♣~~≈≈≈♣#♣♣.♣♣#..#


You could see a gargoyle.

Vanquished Creatures
  A manticore (D:7)
  Sigmund (D:3)
  A wyvern (D:7)
  Edmund (D:5)
  2 water moccasins
  2 ogres (D:5)
  2 black bears (D:6)
  2 centaurs
  4 kobold brigands
  2 phantoms
  7 bullfrogs (D:7)
  3 scorpions
  7 wights
  2 electric eels (D:7)
  A bombardier beetle (D:4)
  2 howler monkeys (D:7)
  2 hounds
  A jelly (D:6)
  2 orc priests
  3 iron imps (D:3)
  Ijyb (D:5)
  Terence (D:2)
  8 iguanas
  4 orc wizards
  4 gnolls (D:5)
  3 adders
  A shadow imp (D:7)
  A white imp (D:7)
  2 ufetubi (D:5)
  2 dart slugs
  A ribbon worm (D:3)
  11 orcs
  6 ball pythons
  3 bats
  7 endoplasms
  3 giant cockroaches
  8 goblins
  3 hobgoblins
  2 quokkas
  2 frilled lizards
  24 kobolds
  13 rats (D:1)
158 creatures vanquished.

Vanquished Creatures (collateral kills)
  3 orc warriors (Bailey)
  3 kobold brigands (Bailey)
6 creatures vanquished.

Grand Total: 164 creatures vanquished

Notes
Turn   | Place    | Note
-------+----------+-------------------------------------------
     0 | D:1      | bmb222 the Minotaur Shapeshifter began the quest for the
                  | Orb.
     0 | D:1      | Reached XP level 1. HP: 16/16 MP: 0/0
   314 | D:1      | Reached XP level 2. HP: 22/23 MP: 1/1
   453 | D:1      | Found a faded altar of an unknown god.
  1129 | D:2      | Reached XP level 3. HP: 23/29 MP: 2/2
  1582 | D:3      | Noticed a centaur
  1594 | D:3      | Killed a centaur
  1595 | D:3      | Reached XP level 4. HP: 6/38 MP: 3/3
  1597 | D:3      | Reached XP level 5. HP: 7/45 MP: 4/4
  1843 | D:3      | Noticed Sigmund
  1846 | D:3      | Noticed Terence
  1868 | D:2      | Killed Terence
  2306 | D:3      | Killed Sigmund
  2307 | D:3      | Reached XP level 6. HP: 36/52 MP: 5/5
  2551 | D:3      | Found a burning altar of Makhleb.
  2576 | D:3      | Reached skill level 5 in Unarmed Combat
  2647 | D:3      | Found a snail-covered altar of Cheibriados.
  2734 | D:3      | Found an opulent altar of Gozag.
  2734 | D:3      | Found a sparkling altar of Nemelex Xobeh.
  2830 | D:3      | Became a worshipper of Gozag Ym Sagoz the Greedy
  2920 | D:4      | Noticed Dordric's ghost (amateur DrSh)
  2921 | D:4      | Identified the +1 great mace of Thoughtfulness {flame,
                  | rPois rC- rN++ rCorr}
  3032 | D:4      | Found a glowing golden altar of the Shining One.
  3039 | D:4      | Reached XP level 7. HP: 42/60 MP: 6/6
  3403 | D:4      | Found a radiant altar of Vehumet.
  3403 | D:4      | Found a stormy altar of Qazlal.
  3711 | D:4      | Found a transporter.
  3711 | D:4      | Found a transporter.
  3781 | D:5      | Entered Level 5 of the Dungeon
  3878 | D:5      | Noticed Ijyb
  3890 | D:5      | Reached skill level 5 in Fighting
  3890 | D:5      | Reached skill level 1 in Armour
  3899 | D:5      | Killed Ijyb
  4125 | D:5      | Found the +6 shillelagh "Devastator" {shatter}
  4394 | D:5      | Identified the +9 dagger of the Orcish Mines {drain, Str+5}
  4672 | D:5      | Reached XP level 8. HP: 69/69 MP: 7/7
  4693 | D:5      | Noticed Edmund
  4702 | D:5      | Killed Edmund
  5248 | D:6      | Found a glowing silver altar of Zin.
  5638 | D:6      | Reached skill level 5 in Shapeshifting
  5760 | D:6      | Reached XP level 9. HP: 57/79 MP: 8/8
  5766 | D:6      | Reached skill level 5 in Armour
  6393 | D:7      | Found a staircase to the Ecumenical Temple.
  6444 | D:7      | Identified the +2 hand axe "Zaleekhif" {speed, rElec rC+}
  6462 | D:7      | Found a runed translucent door.
  6462 | D:7      | Noticed MusterMark's ghost (novice SpAl)
  6740 | D:7      | Found a flagged portal.
  6749 | Bailey   | Entered a bailey
  7128 | Bailey   | Gained mutation: Your flesh is heat resistant. (rF+)
                  | [potion of mutation]
  7128 | Bailey   | Gained mutation: You are dopey. (Int -2) [potion of
                  | mutation]
  7128 | Bailey   | Gained mutation: You are somewhat resistant to further
                  | mutation. [potion of mutation]
  7416 | Bailey   | Found an iron altar of Okawaru.
  7680 | D:7      | Noticed a manticore
  7995 | D:7      | Killed a manticore
  7996 | D:7      | Reached XP level 10. HP: 33/90 MP: 9/9
  8556 | D:7      | Noticed a gargoyle
  8567 | D:7      | HP: 4/90 [gargoyle/+0 mace (22)]
  8568 | D:7      | Demolished by a gargoyle

Illustrated notes

Levels and vault maps discovered:
D:1:      tarquinn_simple_flora_water_d, layout_basic,
          nicolae_ecumenical_lake_church, minmay_rat_gold_closets
D:2:      layout_basic, minmay_quantized
D:3:      layout_rooms, grunt_temple_overflow_opulence,
          mainiacjoe_overflow_concentric_impassable, demons_altar,
          serial_bayou_crossing, uniq_terence, uniq_sigmund
D:4:      layout_gridville, mainiacjoe_overflow_chevrons,
          gammafunk_temple_overflow_pools, gammafunk_ghost_smash,
          kennysheep_boxes
D:5:      layout_basic, dilly_guarded_unrand_devastator, uniq_edmund, uniq_ijyb
D:6:      layout_basic, zin_academy
D:7:      nzn_winding_woodlands_cross [nzn_winding_woodlands_5x15_garden,
          nzn_winding_woodlands_5x15_eye, nzn_winding_woodlands_5x15_zeroes,
          nzn_winding_woodlands_5x15_longhouse,
          nzn_winding_woodlands_15x15_eel_pit], layout_loops_ring,
          trog_butcher_becter, minmay_temple_entry_grid, enter_bailey_3,
          gammafunk_ghost_grave

Skill      XL: |  1  2  3  4  5  6  7  8  9 |
---------------+----------------------------+-----
Fighting       | 2 3 4 5 7 8 |  8.9
Dodging        | 3 4 |  4.7
Unarmed Combat | 4 5 6 7 8 |  8.8
Shapeshifting  | 3 4 5 6 |  6.1
Armour         | 2 4 7 |  7.3

Action                     |  1- 3 |  4- 6 |  7- 9 | 10-12 || total
---------------------------+-------+-------+-------+-------++-------
  Melee: Unarmed           |    76 |    60 |   250 |    19 ||   405
         Headbutt          |    11 |     9 |    64 |     5 ||    89
         Punch             |       |     1 |     9 |     1 ||    11
         Dagger            |       |       |     2 |       ||     2
  Throw: Dart              |       |       |     1 |       ||     1
         Boomerang         |       |       |     1 |       ||     1
  Evoke: Wand              |       |       |       |     4 ||     4
    Use: Potion            |     2 |     2 |     5 |     3 ||    12
         Scroll            |       |       |    16 |       ||    16
   Stab: Sleeping          |     2 |       |       |       ||     2
 Armour: Animal skin       |    24 |       |       |       ||    24
         Chain mail        |    16 |    32 |   210 |    29 ||   287
         Skin              |       |     5 |       |       ||     5
  Dodge: Dodged            |    40 |    20 |   110 |    11 ||   181

Table legend: (Time is in decaauts)
 A = Elapsed time spent in this place.
 B = Non-inter-level travel time spent in this place.
 C = Inter-level travel time spent in this place.
 D = Time resting spent in this place.
 E = Time spent auto-exploring this place.
 F = Levels seen in this place.
 G = Mean time per level.
                   A        B        C        D        E       F      G
               +--------+--------+--------+--------+--------+-----+--------+
         Total |   8519 |   8355 |    164 |   1618 |   5519 |   8 | 1064.9 |
       Dungeon |   7711 |   7547 |    164 |   1092 |   5401 |   7 | 1101.6 |
        Bailey |    808 |    808 |      0 |    526 |    117 |   1 |  808.0 |
               +--------+--------+--------+--------+--------+-----+--------+

Top non-repeatable levels by time:
     D:7: 1403 daAuts
     D:5: 1328 daAuts
     D:6: 1221 daAuts
     D:1: 987 daAuts
     D:2: 984 daAuts
     D:4: 928 daAuts
     D:3: 858 daAuts
  Bailey: 808 daAuts
